 Dungeon Crawl Stone Soup version 0.31.0-11-ge490571c62 (webtiles) character file.

Game seed: 11426221945671053908

108 qw the Shooter (level 4, -2/22 HPs)
             Began as a Spriggan Hunter on Feb 3, 2024.
             Slain by an iguana (13 damage)
             ... on level 3 of the Dungeon.
             The game lasted 00:00:06 (1515 turns).

qw the Shooter (Spriggan Hunter)                    Turns: 1515, Time: 00:00:06

Health: -2/22      AC:  2    Str:  7    XL:     4   Next: 58%
Magic:  5/5        EV: 20    Int: 10    God:
Gold:   50         SH:  0    Dex: 20    Spells: 3/3 levels left

rFire   + . .        a - +0 shortbow
rCold   . . .        (shield currently unavailable)
rNeg    . . .        c - +0 robe
rPois   .            (helmet restricted)
rElec   .            (no cloak)
rCorr   .            (gloves unavailable)
SInv    +            (boots unavailable)
Will    +....        (no amulet)
Stlth   ++           h - ring of willpower
HPRegen 0.23/turn    i - ring of protection from fire
MPRegen 0.09/turn

%: no passive effects
@: very quick
A: very small, no large weapons, unfitting armour, see invisible, speed 3
a: no special abilities


You were on level 3 of the Dungeon.
You visited 1 branch of the dungeon, and saw 3 of its levels.

You collected 50 gold pieces.


Innate Abilities, Weirdness & Mutations

You are very small and have problems with some larger weapons.
You are too small for most types of armour.
You have supernaturally acute eyesight. (SInv)
You cover ground extremely quickly. (Speed+++)


   Skills:
 + Level 1.6 Fighting
 - Level 5.1 Ranged Weapons
 - Level 5.0 Dodging
 - Level 1.5 Stealth


You had 3 spell levels left.
You didn't know any spells.
Your spell library was empty.

Inventory:

Hand Weapons
 a - a +0 shortbow (weapon)
Armour
 c - a +0 robe (worn)
Jewellery
 h - a ring of willpower (left hand)
 i - a ring of protection from fire (right hand)
Wands
 f - a wand of light (10)
 g - a wand of iceblast (6)
Scrolls
 b - a scroll of enchant armour
 e - 2 scrolls of teleportation
Potions
 d - a potion of curing

Dungeon Overview and Level Annotations

Branches:
Dungeon (3/15)

Altars:


Message History

The jackal is severely wounded.
A rat comes into view.
You shoot an arrow. The rat squeaks loudly.
The arrow hits the giant cockroach.
The giant cockroach is moderately wounded.
You shoot an arrow. The arrow hits the giant cockroach!
You kill the giant cockroach!
You shoot an arrow.
The arrow hits the jackal but does no damage.
The jackal is heavily wounded.
A hobgoblin comes into view.
An iguana comes into view.
You shoot an arrow. The arrow barely misses the jackal.
The hobgoblin shouts!
You shoot an arrow.
The arrow hits the jackal but does no damage.
The jackal misses you. The jackal barely misses you. The jackal bites you.
You shoot an arrow. The arrow hits the jackal.
The jackal is almost dead.
The jackal misses you. The jackal barely misses you.
You shoot an arrow. The arrow hits the jackal.
You kill the jackal!
The jackal completely misses you. The jackal closely misses you.
Your Dodging skill increases to level 5!
You shoot an arrow. The arrow barely misses the rat.
The arrow hits the hobgoblin!
You kill the hobgoblin!
The jackal barely misses you. The rat bites you.
You shoot an arrow. The arrow completely misses the rat.
The jackal misses you. The rat barely misses you.
The jackal closely misses you.
You shoot an arrow. The arrow hits the rat!
You kill the rat!
The jackal closely misses you. The jackal misses you.
You shoot an arrow. The arrow barely misses the iguana.
The iguana bites you! The jackal closely misses you.
You shoot an arrow. The arrow hits the iguana.
The iguana is lightly wounded.
The jackal misses you. The iguana bites you!
Ouch! That really hurt!
You die...

######
#########....#
...)....#....#
.............#
.........%...#
####.#+#.....#
#.#..(....#
##.#......@#
#...)(....hl......
##.........#%.....
#.##..#####......
#<...>.... .....
########## ...##
.... ....


You could see an iguana and a jackal.

Vanquished Creatures
  An adder (D:2)
  7 gnolls
  A dart slug (D:2)
  A ribbon worm (D:2)
  2 giant cockroaches
  5 hobgoblins
  A jackal (D:3)
  3 ball pythons (D:2)
  2 bats
  3 frilled lizards
  3 kobolds
  4 rats
  A spectral hobgoblin (D:1)
34 creatures vanquished.

Notes
Turn   | Place    | Note
-------+----------+-------------------------------------------
     0 | D:1      | qw the Spriggan Hunter began the quest for the Orb.
     0 | D:1      | Reached XP level 1. HP: 10/10 MP: 2/2
     0 | D:1      | 0 ||| qw: Version: 0.3-a-157-g843a77d
     0 | D:1      | 0 ||| qw: Game counter: 3690
     0 | D:1      | 0 ||| qw: Melee chars always use a shield: true
     0 | D:1      | 0 ||| qw: God list: Okawaru
     0 | D:1      | 0 ||| qw: Allow faded altars: false
     0 | D:1      | 0 ||| qw: Do Orc after clearing Dungeon:15 true
     0 | D:1      | 0 ||| qw: Do second Lair branch before Depths: true
     0 | D:1      | 0 ||| qw: Lair rune preference: random
     0 | D:1      | 0 ||| qw: Goals: Normal
     0 | D:1      | 0 ||| PLANNING D:1-11
   100 | D:1      | Reached skill level 3 in Dodging
   110 | D:1      | Found a faded altar of an unknown god.
   515 | D:1      | 515 ||| READING 2 scrolls labelled XUZEDARESM.
   515 | D:1      | 515 ||| IDENTIFYING glowing white potion
   516 | D:1      | 516 ||| READING scroll of identify.
   516 | D:1      | 516 ||| IDENTIFYING scroll labelled RUR WA HEAZUY
   517 | D:1      | 517 ||| READING 2 scrolls labelled XIRPHI SIME.
   522 | D:1      | 522 ||| DROPPING scroll of butterflies.
   523 | D:1      | 523 ||| DROPPING potion of lignification.
   524 | D:1      | 524 ||| DROPPING scroll of torment.
   591 | D:2      | Reached XP level 2. HP: 14/14 MP: 3/3
   679 | D:2      | Reached XP level 3. HP: 18/18 MP: 4/4
  1278 | D:2      | 1278 ||| UPGRADING to ring of willpower.
  1279 | D:2      | 1279 ||| UPGRADING to ring of protection from fire.
  1280 | D:2      | 1280 ||| READING 2 scrolls of identify.
  1280 | D:2      | 1280 ||| IDENTIFYING red potion
  1281 | D:2      | 1281 ||| READING scroll of identify.
  1281 | D:2      | 1281 ||| IDENTIFYING scroll labelled PAERCH HATU
  1310 | D:3      | 1310 ||| PLANNING SEWER
  1314 | D:3      | 1314 ||| RETREEEEATING.
  1315 | D:3      | 1315 ||| RETREEEEATING.
  1316 | D:3      | 1316 ||| RETREEEEATING.
  1317 | D:3      | 1317 ||| RETREEEEATING.
  1318 | D:3      | 1318 ||| RETREEEEATING.
  1319 | D:3      | 1319 ||| RETREEEEATING.
  1320 | D:3      | 1320 ||| RETREEEEATING.
  1321 | D:3      | 1321 ||| RETREEEEATING.
  1322 | D:3      | 1322 ||| RETREEEEATING.
  1323 | D:3      | 1323 ||| FLEEEEING.
  1324 | D:3      | 1324 ||| STAIRDANCE
  1335 | D:2      | Reached XP level 4. HP: 13/22 MP: 5/5
  1374 | D:3      | 1374 ||| STAIRDANCE
  1428 | D:3      | 1428 ||| STAIRDANCE
  1515 | D:3      | Slain by an iguana

Levels and vault maps discovered:
D:1:      lightli_arrival_windingriver, layout_basic,
          dreamdust_ecumenical_altar_drowned_temple
D:2:      layout_loops_ring
D:3:      layout_basic, portal_sewer_entry_b, hex_medium,
          guppyfry_early_orc_mine

Skill      XL: |  1  2  3  4 |
---------------+-------------+-----
Dodging        | 3 4 5 |  5.0
Ranged Weapons | 5 |  5.1
Fighting       | |  1.6
Stealth        | |  1.5

Action                     |  1- 3 |  4- 6 || total
---------------------------+-------+-------++-------
   Fire: Shortbow          |    87 |    27 ||   114
    Use: Scroll            |     5 |       ||     5
 Armour: Robe              |    10 |    11 ||    21
  Dodge: Dodged            |    29 |    22 ||    51

Table legend:
 A = Non-vault XP
 B = Vault XP
 C = Vault XP percentage of total XP
 D = Non-vault monster count
 E = Vault monster count
 F = Vault count percentage of total count
                 A         B        C        D         E       F
            +---------+---------+-------+---------+---------+-------
      Total |     154 |       1 |   0.6 |      33 |       1 |   2.9
            +---------+---------+-------+---------+---------+-------
        D:1 |       9 |       1 |  10.0 |       6 |       1 |  14.3
        D:2 |     122 |       0 |   0.0 |      20 |       0 |   0.0
        D:3 |      23 |       0 |   0.0 |       7 |       0 |   0.0
            +---------+---------+-------+---------+---------+-------
